 Dungeon Crawl Stone Soup version 0.21-a0-536-gdbbf329 (webtiles) character file.

315 Amnesiac the Magician (level 6, -4/37 HPs)
             Began as a Deep Elf Earth Elementalist on Dec 14, 2017.
             Killed from afar by an orc wizard (5 damage)
             ... with a magic dart
             ... on level 4 of the Dungeon.
             The game lasted 00:05:36 (2949 turns).

Amnesiac the Magician (Deep Elf Earth Elementalist) Turns: 2949, Time: 00:05:36

Health: -4/37      AC:  2    Str:  5    XL:     6   Next: 20%
Magic:  0/15       EV: 14    Int: 27    God:
Gold:   123        SH:  0    Dex: 15    Spells: 4/14 levels left

rFire    . . .     SeeInvis +   b - +0 blowgun
rCold    . . .     Gourm    .   (no shield)
rNeg     . . .     Faith    .   c - +0 robe
rPois    +         Spirit   .   (no helmet)
rElec    .         Reflect  .   (no cloak)
rCorr    .         Harm     .   (no gloves)
MR       .....                  (no boots)
Stlth    ++........             (no amulet)
HPRegen  0.12/turn              m - ring of see invisible
MPRegen  0.14/turn              p - ring of poison resistance

@: brilliant, very slightly contaminated
A: no striking features
a: no special abilities


You were on level 4 of the Dungeon.
You were not hungry.

You visited 1 branch of the dungeon, and saw 4 of its levels.

You collected 123 gold pieces.

Inventory:

Hand Weapons
 a - a +0 dagger
 b - a +0 blowgun (weapon)
 y - a +0 dagger of distortion
Missiles
 n - 36 poisoned needles (quivered)
 u - 66 stones
Armour
 c - a +0 robe (worn)
 r - a cursed +0 leather armour
 A - +0 pearl dragon scales
Jewellery
 m - a ring of see invisible (left hand)
 p - a ring of poison resistance (right hand)
Scrolls
 f - 6 scrolls of identify {!r, unknown}
 g - a scroll of remove curse {!r, unknown}
 j - 2 scrolls of blinking {!r, unknown}
 k - a scroll of fog {!r, unknown}
 l - 4 scrolls of teleportation {!r, unknown}
 v - 2 scrolls of enchant weapon {!r, unknown}
 w - 2 scrolls of random uselessness {!r, unknown}
Potions
 i - 2 potions of might {!q, unknown}
 s - a potion of magic {!q, unknown}
 t - 4 potions of brilliance {!q}
 x - 2 potions of agility {!q, unknown}
 z - 2 potions of cancellation {!q, unknown}
Books
 e - a book of Geomancy

   Spells                             Type                      Level
   a - Sandblast                      Earth                        1
   b - Passwall                       Transmutation/Earth          2
   c - Stone Arrow                    Conjuration/Earth            3
   d - Petrify                        Transmutation/Earth          4
   e - Lee's Rapid Deconstruction     Earth                        5
Comestibles
 d - 3 bread rations
 h - 2 meat rations
 o - a royal jelly
 q - 4 fruits
 B - 5 chunks of flesh


   Skills:
 * Level 3.1 Fighting
 + Level 4.0 Dodging
 - Level 2.4 Stealth
 + Level 4.7 Spellcasting
 - Level 1.1 Transmutations
 + Level 4.5 Earth Magic


You had 4 spell levels left.
You knew the following spells:

 Your Spells              Type           Power        Failure   Level  Hunger
a - Stone Arrow           Conj/Erth      ####..       1%          3    ##.....
b - Passwall              Tmut/Erth      #####.....   1%          2    None
c - Sandblast             Erth           #####.       1%          1    None
e - Petrify               Tmut/Erth      #####...     2%          4    ####...


Dungeon Overview and Level Annotations

Branches:
Dungeon (4/15)
 Temple: D:4-7

Altars:
Ashenzari
Nemelex Xobeh
Yredelemnul


Message History

You shoot a poisoned needle.
The poisoned needle hits the orc wizard.
The orc wizard is poisoned.
The orc wizard is almost dead.
The orc wizard hits you with a dagger of protection.
* * * LOW HITPOINT WARNING * * *
Firing (i - inventory. (,) - cycle):
n - 39 poisoned needles (quivered)
Press: ? - help, Shift-Dir - straight line, f - orc wizard, p - orc wizard
Aim: an orc wizard, wielding a dagger and wearing a robe (fast, slightly transparent)
You shoot a poisoned needle.
The poisoned needle hits the orc wizard.
The orc wizard is almost dead.
The orc wizard miscasts a cantrip.
You kill the orc wizard!
Your Dodging skill increases to level 4!
The orc throws a stone.
The stone misses the orc wizard.
The stone barely misses you.
Firing (i - inventory. (,) - cycle):
n - 38 poisoned needles (quivered)
Press: ? - help, Shift-Dir - straight line, f - orc wizard, p - orc wizard
Aim: an orc wizard, wielding a dagger and wearing a robe You shoot a poisoned needle.
The poisoned needle hits the orc wizard.
The orc wizard is poisoned.
The orc wizard casts a spell at you. The puff of flame hits you!
* * * LOW HITPOINT WARNING * * *
Casting: Sandblast
Confirm with . or Enter, or press ? or * to list all spells.
Aiming: Sandblast
Press: ? - help, Shift-Dir - straight line, f/p - orc wizard
Aim: an orc wizard, wielding a dagger and wearing a robe The blast of sand misses the orc wizard.
The blast of sand hits the orc wizard.
The orc wizard is almost dead.
u - 66 stones The orc wizard begins to cast a cantrip, but forgets the words!
Firing (i - inventory. (,) - cycle):
n - 37 poisoned needles (quivered)
Press: ? - help, Shift-Dir - straight line, f/p - orc wizard
Aim: an orc wizard, wielding a dagger and wearing a robe (almost dead)
You shoot a poisoned needle.
The poisoned needle hits the orc wizard.
The orc wizard looks even sicker.
The orc wizard is lightly wounded.
The orc wizard closely misses you.
The orc throws a stone.
The stone misses the orc wizard.
The stone barely misses you. The orc wizard hits you with a dagger.
* * * LOW HITPOINT WARNING * * *
Unknown command.
The orc throws a stone.
The stone closely misses the orc wizard.
The stone hits you but does no damage. The orc wizard casts a spell at you.
The magic dart hits you!
* * * LOW HITPOINT WARNING * * *
Really quaff
t - 5 fuming ruby potions {!q}?
It was a potion of brilliance {!q}.
You feel clever all of a sudden. The orc wizard hits you with a dagger.
* * * LOW HITPOINT WARNING * * *
The orc throws a stone.
The stone hits the orc wizard but does no damage.
The orc wizard casts a spell at you. The magic dart hits you!
You die...

#..........# #..........#
#######......(...# ....
#.....#.......)..###.....
..(......................
..........#.##...###.....
........###.###.........
........###.###.##...####
.....<..........@(......#
.......<###.#####oo####.
........# #.# ##()#
....(..## #.# ##(# #
......## #o## .###
.###### #..####.... . #.
##(##.... #. #....## ## .
#.. ####.)..## .#


You could see 2 orc wizards and an orc.

Vanquished Creatures
  A howler monkey (D:4)
  2 orc priests (D:3)
  3 orc wizards
  A worker ant (D:4)
  2 adders
  2 worms
  3 dart slugs
  A leopard gecko (D:4)
  8 orcs
  6 bats
  3 giant cockroaches
  3 goblins
  10 hobgoblins
  9 jackals
  A quokka (D:2)
  A ball python (D:3)
  3 frilled lizards
  A giant cockroach zombie (D:4)
  9 kobolds
  A quokka skeleton (D:4)
  7 rats
77 creatures vanquished.

Notes
Turn   | Place    | Note
-------+----------+-------------------------------------------
     0 | D:1      | Amnesiac the Deep Elf Earth Elementalist began the quest for the Orb.
     0 | D:1      | Reached XP level 1. HP: 10/10 MP: 6/6
   136 | D:1      | Reached XP level 2. HP: 16/16 MP: 5/8
   145 | D:1      | Learned a level 2 spell: Passwall
   355 | D:1      | Reached skill level 1 in Fighting
   732 | D:2      | Reached XP level 3. HP: 20/20 MP: 6/9
   737 | D:2      | Learned a level 3 spell: Stone Arrow
  1423 | D:2      | Found a basalt altar of Yredelemnul.
  1645 | D:3      | Found a shattered altar of Ashenzari.
  1670 | D:3      | Found a sparkling altar of Nemelex Xobeh.
  1836 | D:3      | Reached XP level 4. HP: 26/26 MP: 9/11
  1995 | D:3      | Reached XP level 5. HP: 31/31 MP: 1/13
  2727 | D:4      | Learned a level 4 spell: Petrify
  2782 | D:4      | Reached XP level 6. HP: 25/37 MP: 5/14
  2949 | D:4      | HP: 1/37 [orc wizard/dagger (2)]
  2949 | D:4      | Killed from afar by an orc wizard

Vault maps used:
D:1:      eino_arrival_water_star
D:2:      yredelemnul_altar_generic
D:3:      nicolae_overflow_crystal_walls, first_bread,
          nemelex_xobeh_ov_fountains_minmay
D:4:      grunt_decor_resistance

Skill      XL: |  1  2  3  4  5  6 |
---------------+-------------------+-----
Fighting       | 1 2 3 |  3.1
Dodging        | 3 4 |  4.0
Spellcasting   | 4 |  4.7
Earth Magic    | 4 |  4.5
Stealth        | |  2.4
Transmutations | |  1.1

Action                   |  1- 3 |  4- 6 || total
-------------------------+-------+-------++-------
Melee: Dagger            |    42 |    83 ||   125
 Fire: Blowgun           |     1 |     4 ||     5
 Cast: Sandblast         |    33 |    22 ||    55
       Stone Arrow       |    19 |    19 ||    38
       Passwall          |     1 |       ||     1
  Use: Potion            |       |     1 ||     1
 Stab: Sleeping          |     3 |     1 ||     4
  Eat: Chunk             |     4 |     5 ||     9
Armor: Robe              |     9 |    13 ||    22
Dodge: Dodged            |    31 |    84 ||   115

Table legend:
 A = Spawn XP
 B = Non-spawn XP
 C = Spawn XP percentage of total XP
 D = Spawn monster count
 E = Non-spawn monster count
 F = Spawn count percentage of total count
 G = Total turns spent on level
                    A         B        C        D         E        F      G
               +---------+---------+-------+---------+---------+-------+---------
         Total |       0 |     451 |   0.0 |       0 |      77 |   0.0 |  2949
               +---------+---------+-------+---------+---------+-------+---------
           D:1 |       0 |      40 |   0.0 |       0 |      24 |   0.0 |   730
           D:2 |       0 |      48 |   0.0 |       0 |      18 |   0.0 |   867
           D:3 |       0 |     149 |   0.0 |       0 |      16 |   0.0 |   851
           D:4 |       0 |     214 |   0.0 |       0 |      19 |   0.0 |   501
               +---------+---------+-------+---------+---------+-------+---------
